 Dungeon Crawl Stone Soup version 0.18.1-50-g88ac8fd (webtiles) character file.

26688 theElss the Blocker (level 13, -9/84 HPs)
             Began as a Gargoyle Berserker on Oct 13, 2016.
             Was a High Priest of Trog.
             Mangled by a boulder beetle (13 damage)
             ... on level 7 of the Lair of Beasts.
             The game lasted 00:47:30 (16895 turns).

theElss the Blocker (Gargoyle Berserker)           Turns: 16895, Time: 00:47:31

Health: -9/84      AC: 27    Str: 26    XL:     13   Next: 27%
Magic:  0/13       EV: 12    Int:  8    God:    Trog [*****.]
Gold:   1216       SH:  7    Dex: 12    Spells: 0 memorised, 12 levels left

rFire  + . .     SeeInvis .     z - +2 whip (venom)
rCold  . . .     Gourm    .     k - +1 chain mail
rNeg   + . .     Faith    .     X - +0 buckler
rPois  ∞         Spirit   +     x - +2 helmet
rElec  +         Dismiss  .     (no cloak)
rCorr  .         Reflect  .     K - +0 pair of gloves
SustAt .         Harm     .     (no boots)
MR     .....                    r - amulet of guardian spirit
Stlth  ..........               p - +3 ring of dexterity
                                u - ring of protection from fire

@: exhausted, not resistant to hostile enchantments, extremely unstealthy
A: negative energy resistance 1, electricity resistance, unbreathing,
petrification resistance, rot immunity, AC +9
a: Berserk, Trog's Hand, Brothers in Arms, Burn Spellbooks, Renounce Religion


You were on level 7 of the Lair of Beasts.
You worshipped Trog.
Trog was extremely pleased with you.
You were not hungry.

You visited 2 branches of the dungeon, and saw 18 of its levels.

You collected 1216 gold pieces.

Inventory:

Hand Weapons
 z - a +2 whip of venom (weapon)
Armour
 k - a +1 chain mail (worn)
 x - a +2 helmet (worn)
 K - a +0 pair of gloves (worn)
 X - a +0 buckler (worn)
Jewellery
 b - an uncursed ring of positive energy
 i - an uncursed ring of stealth
 j - an uncursed ring of see invisible
 p - a +3 ring of dexterity (right hand)
 r - an amulet of guardian spirit (around neck)
 u - a ring of protection from fire (left hand)
 w - an uncursed ring of resist corrosion
 y - an uncursed ring of teleportation
Wands
 a - a wand of paralysis (15/24)
 l - a wand of acid (6/15)
 q - a wand of heal wounds (6/9)
 B - a wand of flame (48/48)
 G - a wand of acid (2/15)
 M - a wand of flame (25/48)
 N - a wand of iceblast (5/15)
 O - a wand of polymorph (8/24)
 Q - a wand of hasting (3/9)
 W - a wand of lightning (11/15)
Scrolls
 s - a scroll of blinking
 t - 5 scrolls of remove curse
 A - a scroll of recharging
 I - a scroll of magic mapping
 J - 2 scrolls of fear
 L - 2 scrolls of teleportation
 Z - a scroll of holy word
Potions
 d - 6 potions of brilliance
 e - 5 potions of agility
 h - 2 potions of might
 n - 2 potions of ambrosia
 o - 2 potions of cure mutation
 v - 5 potions of haste
 D - a potion of cancellation {unknown}
 F - a potion of lignification {unknown}
 H - a potion of magic {unknown}
 P - a potion of invisibility
 U - 5 potions of curing {unknown}
 V - 2 potions of flight {unknown}
 Y - 2 potions of heal wounds {unknown}
Comestibles
 c - 12 bread rations
 f - 23 fruits
 g - 11 meat rations
 m - 3 slices of pizza
 E - a chunk of flesh
 R - 2 beef jerkies


   Skills:
 + Level 10.9 Fighting
 + Level 10.9 Maces & Flails
 + Level 11.0 Armour
 + Level 7.0 Dodging
 - Level 2.3 Stealth
 - Level 12.0 Shields


You had 12 spell levels left.
You didn't know any spells.

Dungeon Overview and Level Annotations

Branches:
Dungeon (11/15)            Temple (0/1) D:4            Lair (7/8) D:8
  Swamp (0/4) Lair:3       Spider (0/4) Lair:3          Orc (0/2) D:10
  Slime: Lair:6-8

Altars:
Cheibriados
Gozag
Kikubaaqudgha
Makhleb
Nemelex Xobeh
Pakellas
Vehumet
Zin

Annotations:
D:11 Chiseanne's ghost, journeyman CeAE


Innate Abilities, Weirdness & Mutations

You are resistant to torment.
Your stone body is resilient (AC +9).
You are immune to poison.
You resist negative energy.
You are resistant to electric shocks.
You can survive without breathing.
You are immune to petrification.
You are immune to rotting.


Message History

Unknown command.
You hit the boulder beetle but do no damage.
The boulder beetle is poisoned.
You hit the boulder beetle.
The boulder beetle looks even sicker.
The boulder beetle is lightly wounded.
You hit the boulder beetle.
The boulder beetle is lightly wounded.
The boulder beetle bites you.
* * * LOW HITPOINT WARNING * * *
Unknown command.
You hit the boulder beetle but do no damage.
The boulder beetle is lightly wounded.
You hit the boulder beetle but do no damage.
The boulder beetle is lightly wounded.
You hit the boulder beetle but do no damage.
The boulder beetle is moderately wounded.
You hit the boulder beetle but do no damage.
The boulder beetle is moderately wounded.
The boulder beetle bites you!
You die...

...........F..# #..P...
......F.......# ##PP###
# ......PP..##F####PP#
#P ......§..#.†P#..P...
#.. ..#..§§##...........
.....##..BBFY..##......
.. ###..Y...........
##.##.#######.##.#.###..
.......@B††.(........
#>.########.####..####.
##....B.B...#...
#............>..
..............#.
.................#
...................
.#.P...............
###...............


You could see a boulder beetle.

Vanquished Creatures
  Erolcha (D:8)
  2 hydras
  A catoblepas (Lair:3)
  An unseen horror (D:10)
  A swamp dragon (Lair:3)
  A faun (Lair:5)
  An ugly thing (D:9)
  4 black mambas
  Psyche (D:8)
  6 spiny frogs
  7 komodo dragons
  A troll (D:10)
  The ghost of varam the Covert, a novice SpEn of Vehumet (D:4)
  A jumping spider (Lair:3)
  11 blink frogs
  A boulder beetle (Lair:7)
  26 yaks
  2 basilisks (Lair:3)
  9 hippogriffs
  A hungry ghost (D:10)
  Menkaure (D:6)
  9 water moccasins
  11 porcupines
  2 orc warriors
  3 ice beasts
  2 phantoms
  4 sky beasts
  2 ogres
  A black bear (D:9)
  5 centaurs
  13 wolves
  9 crocodiles
  2 big kobolds
  9 giant frogs
  A scorpion (D:10)
  15 killer bees
  2 howler monkeys
  5 crimson imps
  4 giant frog zombies
  A quasit (D:9)
  A jelly (D:6)
  4 hounds
  3 orc priests
  2 giant frog skeletons
  10 iguanas
  4 worker ants
  18 sheep
  A hound zombie (D:5)
  A hound skeleton (D:9)
  A howler monkey zombie (D:5)
  7 gnolls
  5 adders
  2 howler monkey skeletons
  72 river rats
  An adder skeleton (D:8)
  5 worms
  2 dart slugs
  4 giant geckos
  5 orcs
  5 giant cockroaches
  13 goblins
  5 hobgoblins
  6 jackals
  3 quokkas
  12 bats
  A giant gecko zombie (D:6)
  6 giant newts
  16 kobolds
  A quokka skeleton (D:5)
  5 rats
401 creatures vanquished.

Vanquished Creatures (others)
  3 yaks (Lair:7)
  A giant frog (D:8)
  22 fungi
  4 plants
30 creatures vanquished.

Grand Total: 431 creatures vanquished

Notes
Turn   | Place    | Note
--------------------------------------------------------------
     0 | D:1      | theElss the Gargoyle Berserker began the quest for the Orb.
     0 | D:1      | Reached XP level 1. HP: 14/14 MP: 1/1
    99 | D:1      | Reached XP level 2. HP: 17/19 MP: 2/2
   929 | D:2      | Found a glowing silver altar of Zin.
   930 | D:2      | Noticed an angel
   968 | D:2      | Reached XP level 3. HP: 24/24 MP: 3/3
  1088 | D:2      | Found a snail-covered altar of Cheibriados.
  1353 | D:2      | Found an oddly glowing altar of Pakellas.
  1354 | D:2      | Noticed an eight-headed hydra
  1565 | D:3      | Reached ** piety under Trog
  1790 | D:3      | Reached XP level 4. HP: 29/29 MP: 4/4
  1865 | D:3      | Reached skill level 1 in Stealth
  2976 | D:4      | Noticed varam's ghost (novice SpEn)
  3001 | D:4      | Killed varam's ghost
  3001 | D:4      | Reached XP level 5. HP: 34/34 MP: 5/5
  3001 | D:4      | Reached XP level 6. HP: 40/40 MP: 6/6
  3219 | D:4      | Found a staircase to the Ecumenical Temple.
  3600 | D:4      | Reached skill level 5 in Fighting
  3646 | D:5      | Entered Level 5 of the Dungeon
  3662 | D:5      | Noticed an ice beast
  3690 | D:4      | Killed an ice beast
  3690 | D:4      | Reached XP level 7. HP: 44/44 MP: 7/7
  3951 | D:5      | Reached skill level 5 in Maces & Flails
  4312 | D:5      | Reached skill level 5 in Armour
  4424 | D:5      | Found an opulent altar of Gozag.
  4424 | D:5      | Found a radiant altar of Vehumet.
  4699 | D:6      | Noticed Menkaure
  4709 | D:6      | Killed Menkaure
  4709 | D:6      | Reached XP level 8. HP: 50/50 MP: 8/8
  5017 | D:6      | Reached *** piety under Trog
  5215 | D:7      | Found an ancient bone altar of Kikubaaqudgha.
  5580 | D:7      | Identified the Catalogue of the Destructive Volcanoes
  6117 | D:8      | Noticed Erolcha
  6127 | D:8      | Killed Erolcha
  6127 | D:8      | Reached XP level 9. HP: 57/57 MP: 5/9
  6371 | D:8      | Found a staircase to the Lair.
  6403 | D:8      | Reached skill level 5 in Dodging
  6648 | D:8      | Noticed Psyche
  6659 | D:8      | Killed Psyche
  6798 | D:8      | Found a burning altar of Makhleb.
  6953 | D:9      | Reached **** piety under Trog
  7106 | D:9      | Reached XP level 10. HP: 64/64 MP: 10/10
  7384 | D:9      | Found a sparkling altar of Nemelex Xobeh.
  7649 | D:9      | Noticed a white ugly thing
  7663 | D:9      | Killed a white ugly thing
  7945 | D:10     | Entered Level 10 of the Dungeon
  7953 | D:10     | Found a staircase to the Orcish Mines.
  8339 | D:10     | Noticed an unseen horror
  8340 | D:10     | Killed an unseen horror
  9202 | D:11     | Noticed Chiseanne's ghost (journeyman CeAE)
  9254 | Lair:1   | Entered Level 1 of the Lair of Beasts
  9477 | Lair:1   | Reached XP level 11. HP: 31/71 MP: 4/11
 10029 | Lair:2   | Reached ***** piety under Trog
 10156 | Lair:2   | Reached skill level 10 in Armour
 10538 | Lair:2   | Identified a scroll of acquirement
 10539 | Lair:2   | Noticed an eight-headed hydra
 10556 | Lair:2   | Killed an eight-headed hydra
 10579 | Lair:2   | Reached skill level 10 in Fighting
 11219 | Lair:2   | Received a gift from Trog
 11225 | Lair:2   | Reached skill level 10 in Maces & Flails
 12166 | Lair:3   | Found a hole to the Spider Nest.
 12173 | Lair:3   | Reached XP level 12. HP: 79/79 MP: 12/12
 12265 | Lair:3   | Reached skill level 1 in Shields
 12266 | Lair:3   | Noticed a catoblepas
 12275 | Lair:3   | Reached skill level 2 in Shields
 12286 | Lair:3   | Killed a catoblepas
 12286 | Lair:3   | Reached skill level 3 in Shields
 12442 | Lair:3   | Reached skill level 4 in Shields
 12456 | Lair:3   | Found a staircase to the Swamp.
 12704 | Lair:3   | Reached skill level 5 in Shields
 12994 | Lair:3   | Received a gift from Trog
 13028 | Lair:3   | Reached skill level 6 in Shields
 13834 | Lair:4   | Reached skill level 7 in Shields
 14437 | Lair:4   | Reached skill level 8 in Shields
 14715 | Lair:5   | Reached skill level 9 in Shields
 15233 | Lair:5   | Noticed a four-headed hydra
 15247 | Lair:5   | Killed a four-headed hydra
 15247 | Lair:5   | Reached skill level 10 in Shields
 16022 | Lair:6   | Reached XP level 13. HP: 64/83 MP: 13/13
 16136 | Lair:6   | Reached skill level 11 in Shields
 16216 | Lair:6   | Received a gift from Trog
 16728 | Lair:7   | Reached ****** piety under Trog
 16817 | Lair:7   | Reached skill level 12 in Shields
 16891 | Lair:7   | HP: 4/84 [boulder beetle (3)]
 16895 | Lair:7   | Mangled by a boulder beetle

Skill      XL: |  1  2  3  4  5  6  7  8  9 10 11 12 13 |
---------------+----------------------------------------+-----
Fighting       | 4 5 7 8 9 10 | 10.9
Dodging        | 2 3 4 5 6 7 |  7.0
Stealth        | 1 2 |  2.3
Maces & Flails | 4 5 7 9 10 | 10.9
Armour         | 3 4 5 7 8 9 10 11 | 11.0
Shields        | 10 12 | 12.0

Action                   |  1- 3 |  4- 6 |  7- 9 | 10-12 | 13-15 || total
-------------------------+-------+-------+-------+-------+-------++-------
Melee: Mace              |    48 |       |       |       |       ||    48
       Whip              |    92 |   287 |   560 |  1608 |   244 ||  2791
Invok: Berserk           |     1 |     2 |     4 |     7 |     1 ||    15
       Trog's Hand       |       |       |       |     1 |     1 ||     2
  Use: Scroll            |     2 |     5 |     7 |     8 |     3 ||    25
 Stab: Sleeping          |     1 |       |       |       |       ||     1
  Eat: Chunk             |     4 |     7 |    15 |    38 |     4 ||    68
       Royal jelly       |       |       |     1 |       |       ||     1
       Meat ration       |       |       |       |     1 |       ||     1
       Pizza             |       |       |       |     1 |       ||     1
       Beef jerky        |       |       |       |     1 |       ||     1
       Fruit             |       |       |       |     1 |       ||     1
Armor: Animal skin       |     7 |       |       |       |       ||     7
       Leather armour    |    10 |       |       |       |       ||    10
       Chain mail        |    94 |   159 |   310 |   659 |   101 ||  1323
       Ring mail         |     1 |       |       |       |       ||     1
Dodge: Dodged            |   111 |    99 |   232 |   535 |   105 ||  1082
Block: Buckler           |       |       |       |    94 |    55 ||   149
